 Dungeon Crawl Stone Soup version 0.31-a0-549-gf98fd537a9 (webtiles) character file.

Game seed: 11545329526627136251

3362 AdnanSaban the Blocker (level 10, 0/60 HPs)
             Began as a Gargoyle Fighter on Aug 16, 2023.
             Was an Elder of Okawaru.
             Killed by divine providence
             ... invoked by Jeremiah
              (10 damage)
             ... on level 7 of the Dungeon.
             The game lasted 00:07:24 (5618 turns).

AdnanSaban the Blocker (Gargoyle Fighter)           Turns: 5618, Time: 00:07:24

Health: 0/60       AC: 19    Str: 24    XL:     10   Next: 3%
Magic:  10/10      EV:  8    Int:  5    God:    Okawaru [****..]
Gold:   296        SH: 15    Dex: 12    Spells: 9/9 levels left

rFire   + . .        C - +5 flail (holy)
rCold   + . .        o - +0 kite shield
rNeg    + . .        w - +0 chain mail
rPois   ∞            (no helmet)
rElec   +            (no cloak)
rCorr   .            (no gloves)
SInv    .            B - +0 pair of boots
Will    .....        m - amulet of reflection
Stlth   x              - ring "Woiguoc" {rF+ rC+ Int-4 Dex+3}
HPRegen 0.30/turn    (no ring)
MPRegen 0.12/turn

%: reflection
@: no status effects
A: sickness immunity, AC +7, negative energy resistance 1, electricity
resistance, torment resistance 1, petrification resistance
a: Renounce Religion, Heroism, Finesse


You were on level 7 of the Dungeon.
You worshipped Okawaru.
Okawaru was greatly pleased with you.
You visited 1 branch of the dungeon, and saw 7 of its levels.

You collected 296 gold pieces.

Inventory:

Hand Weapons
 C - a +5 flail of holy wrath (weapon)
Missiles
 i - 10 boomerangs
 H - 2 poisoned darts (quivered)
 I - 2 throwing nets
Armour
 o - a +0 kite shield (worn)
 w - a +0 chain mail (worn)
 B - a +0 pair of boots (worn)
Jewellery
 m - an amulet of reflection (around neck)
 n - a ring of fire
 x - the ring "Woiguoc" (left hand) {rF+ rC+ Int-4 Dex+3}
   (You found it on level 4 of the Dungeon)

   [ring of protection from fire]

   Int-4:     It affects your intelligence (-4).
   Dex+3:     It affects your dexterity (+3).
   rF+:       It protects you from fire.
   rC+:       It protects you from cold.
Wands
 v - a wand of roots (18)
 A - a wand of quicksilver (1)
Scrolls
 b - 2 scrolls of silence {unknown}
 c - a scroll of enchant weapon {unknown}
 e - 4 scrolls of poison {unknown}
 j - a scroll of blinking {unknown}
 k - a scroll of acquirement {unknown}
 q - 2 scrolls of revelation {unknown}
 r - a scroll of noise {unknown}
 s - a scroll of fear {unknown}
 t - a scroll of teleportation {unknown}
 u - 2 scrolls of identify {unknown}
 y - 2 scrolls of summoning {unknown}
 D - a scroll of enchant armour {unknown}
 F - a scroll of torment {unknown}
Potions
 a - 2 potions of heal wounds {unknown}
 d - 2 potions of might
 f - a potion of degeneration {unknown}
 g - 2 potions of invisibility {unknown}
 h - 5 potions of haste {unknown}
 l - a potion of curing {unknown}
 p - a potion of attraction {unknown}
 z - 2 potions of enlightenment {unknown}
 E - 2 potions of resistance {unknown}
 G - a potion of brilliance {unknown}


   Skills:
 + Level 5.9 Fighting
 + Level 8.3 Maces & Flails
 + Level 1.6 Throwing
 + Level 7.2 Armour
 + Level 2.7 Dodging
 + Level 1.0 Stealth
 + Level 8.6 Shields
 + Level 0.3 Invocations


You had 9 spell levels left.
You didn't know any spells.
Your spell library contained the following spells:

 Spells                   Type           Power      Damage    Failure   Level
 Blink                    Tloc           0%         N/A       100%        2
 Lesser Beckoning         Tloc           0%         N/A       100%        2
 Momentum Strike          Conj/Tloc      0%         3d8       100%        2
 Manifold Assault         Tloc           0%         N/A       100%        4


Dungeon Overview and Level Annotations

Branches:
Dungeon (7/15)             Temple (0/1) D:4

Altars:
Fedhas
Hepliaklqana
Kikubaaqudgha
Okawaru
Xom
The Shining One

Annotations:
D:7 Jeremiah


Innate Abilities, Weirdness & Mutations

You are immune to sickness and miasma.
Your stone body is resilient. (AC +7)
You are immune to poison.
You resist negative energy. (rN+)
You are resistant to electric shocks. (rElec)
You are resistant to unholy torment.
You are immune to petrification.


Message History

The butterfly disappears in a burst of colours! x2
Throw: dart (poison)
Press: ? - help, Q - select action, (/) - cycle Shift-Dir - straight line, f/p - Jeremiah
Aim: Jeremiah, wielding a +3 glaive of draining and wearing a +0 leather armour (lightly wounded, 47% to hit)
You throw a poisoned dart. The poisoned dart hits Jeremiah.
Jeremiah is poisoned.
Jeremiah is lightly wounded.
The butterfly disappears in a burst of colours! x2
Jeremiah hops!
You see here a poisoned dart.
H - a poisoned dart Throw: dart (poison)
Press: ? - help, Q - select action, (/) - cycle Shift-Dir - straight line, f/p - Jeremiah
Aim: Jeremiah, wielding a +3 glaive of draining and wearing a +0 leather armour (lightly wounded, poisoned, 47% to hit)
You throw a poisoned dart. The poisoned dart hits Jeremiah.
Jeremiah looks even sicker.
Jeremiah is lightly wounded.
The butterfly disappears in a burst of colours!
The butterfly disappears in a burst of colours!
The butterfly disappears in a burst of colours! x2
Jeremiah asks, "Where am I?
Why are you fighting me?"
The butterfly disappears in a burst of colours!
Jeremiah mumbles a slurred invocation.
Something smites you!
The butterfly disappears in a burst of colours!
You see here a poisoned dart.
H - a poisoned dart The butterfly disappears in a burst of colours!
H - 2 poisoned darts (gained 1)
There are no items here.
The butterfly disappears in a burst of colours!
Jeremiah looks more healthy.
Jeremiah throws their arms up pleadingly.
Something smites you!
* * * LOW HITPOINT WARNING * * *
The butterfly disappears in a burst of colours!
Jeremiah asks you, "Have you seen the dreamshard?
I...
I need it..."
Jeremiah mumbles a slurred invocation.
Something smites you!
You die...

##..............#............#...
...........(....#............#.#.
....#..b..#...###........#####.#.
..........#bbF# #........#####+#.
##....b...#.bb######............#
.......b....b.b.................#
#...#.....b.........)[..........#
....'..b....b.......)[..........#
#...#...........@...............#
....#...........................#
.......##........................
.......##........................
.......##..b............b........
.... #........................
.....................bb...
................######.F...
...........#...###......b...


You could see Jeremiah.

Vanquished Creatures
  Pikel (D:7)
  Joseph (D:7)
  Maggie (D:6)
  Eustachio (D:6)
  Edmund (D:6)
  2 water moccasins
  2 black bears (D:6)
  2 ogres
  A centaur (D:7)
  A phantom (D:6)
  3 bullfrogs
  6 scorpions
  4 wights (D:7)
  A quasit (D:5)
  An orc priest (D:7)
  3 jellies
  2 hounds
  Jessica (D:3)
  5 iguanas
  A sleepcap (D:7)
  2 orc wizards (D:5)
  8 adders
  3 shadow imps
  6 white imps
  6 ufetubi (D:5)
  A worm (D:3)
  A dart slug (D:5)
  17 orcs
  2 endoplasms
  2 giant cockroaches
  9 goblins
  5 hobgoblins
  2 jackals (D:2)
  2 quokkas
  6 ball pythons
  11 bats
  2 frilled lizards
  7 kobolds
  2 rats
134 creatures vanquished.

Notes
Turn   | Place    | Note
-------+----------+-------------------------------------------
     0 | D:1      | AdnanSaban the Gargoyle Fighter began the quest for the
                  | Orb.
     0 | D:1      | Reached XP level 1. HP: 14/14 MP: 1/1
   316 | D:1      | Reached XP level 2. HP: 19/19 MP: 2/2
   860 | D:2      | Reached XP level 3. HP: 22/23 MP: 3/3
   938 | D:2      | Found a faded altar of an unknown god.
  1442 | D:3      | Noticed Jessica
  1448 | D:3      | Found an iron altar of Okawaru.
  1456 | D:3      | Reached XP level 4. HP: 18/29 MP: 4/4
  1502 | D:3      | Killed Jessica
  1503 | D:3      | Reached skill level 1 in Dodging
  1511 | D:3      | Became a worshipper of Warmaster Okawaru
  1701 | D:3      | Found a blossoming altar of Fedhas.
  1836 | D:4      | Noticed an ogre
  1836 | D:4      | Noticed a scorpion
  1837 | D:4      | Noticed a scorpion
  1885 | D:4      | Found a staircase to the Ecumenical Temple.
  1895 | D:4      | Reached XP level 5. HP: 31/33 MP: 5/5
  2167 | D:4      | Killed an ogre
  2168 | D:4      | Reached XP level 6. HP: 26/38 MP: 6/6
  2451 | D:4      | Reached * piety under Okawaru
  2512 | D:4      | Identified the ring "Woiguoc" {rF+ rC+ Int-4 Dex+3}
  2932 | D:5      | Entered Level 5 of the Dungeon
  2938 | D:5      | Reached XP level 7. HP: 42/43 MP: 7/7
  2964 | D:5      | Reached skill level 5 in Shields
  3191 | D:5      | Found a glowing golden altar of the Shining One.
  3225 | D:5      | Reached skill level 5 in Armour
  3274 | D:5      | Found a shimmering altar of Xom.
  3477 | D:5      | Reached skill level 5 in Maces & Flails
  3479 | D:5      | Reached ** piety under Okawaru
  3488 | D:5      | Reached XP level 8. HP: 17/48 MP: 8/8
  3859 | D:6      | Noticed Edmund
  3886 | D:6      | Killed Edmund
  4019 | D:6      | Reached skill level 5 in Fighting
  4165 | D:6      | Found a hazy altar of Hepliaklqana.
  4198 | D:6      | Noticed Maggie
  4227 | D:6      | Killed Maggie
  4227 | D:6      | Reached *** piety under Okawaru
  4228 | D:6      | Reached skill level 1 in Stealth
  4228 | D:6      | Reached XP level 9. HP: 40/54 MP: 9/9
  4237 | D:6      | Noticed Eustachio
  4264 | D:6      | Killed Eustachio
  4731 | D:7      | Reached **** piety under Okawaru
  4893 | D:7      | Noticed Jeremiah
  4893 | D:7      | Noticed Joseph
  4948 | D:7      | Killed Joseph
  4949 | D:7      | Reached skill level 1 in Throwing
  5337 | D:7      | Found an ancient bone altar of Kikubaaqudgha.
  5342 | D:7      | Noticed Pikel
  5359 | D:7      | Killed Pikel
  5360 | D:7      | Reached XP level 10. HP: 55/60 MP: 10/10
  5618 | D:7      | Killed from afar by Jeremiah

Illustrated notes

Levels and vault maps discovered:
D:1:      dpeg_arrival_another_circle, layout_basic, minivault_19,
          supply_closet_lemuel, minmay_distorted
D:2:      layout_loops_ring, dreamdust_ecumenical_altar_statues, st_stairs_9
D:3:      layout_rooms, mainiacjoe_overflow_cross_hatched,
          okawaru_ov_weapons_minmay, uniq_jessica
D:4:      layout_cave_pods, minmay_temple_entry_mini_moons
D:5:      layout_basic, mainiacjoe_overflow_24_doors, lemuel_doored_altar,
          serial_demonic, serial_demonic_g, serial_demonic_d, serial_demonic_g,
          serial_demonic_f, serial_demonic_c, serial_demonic_c
D:6:      layout_rooms, worldfamousw_hep_ancestral_shrine, uniq_maggie,
          uniq_edmund, uniq_eustachio
D:7:      layout_basic, kiku_gazebo_pond_becter, uniq_jeremiah, uniq_pikel,
          uniq_joseph

Skill      XL: |  1  2  3  4  5  6  7  8  9 |
---------------+----------------------------+-----
Dodging        | 1 2 |  2.7
Armour         | 4 5 6 7 |  7.2
Maces & Flails | 3 4 5 6 8 |  8.3
Shields        | 4 5 7 8 |  8.6
Fighting       | 4 5 |  5.9
Stealth        | 1 |  1.0
Throwing       | 1 |  1.6
Invocations    | |  0.3

Action                     |  1- 3 |  4- 6 |  7- 9 | 10-12 || total
---------------------------+-------+-------+-------+-------++-------
  Melee: Flail             |   119 |   146 |   324 |    11 ||   600
  Throw: Dart              |       |     5 |     9 |     7 ||    21
         Boomerang         |       |       |     7 |       ||     7
 Invoke: Heroism           |       |       |     2 |       ||     2
 Armour: Scale mail        |    88 |    36 |       |       ||   124
         Chain mail        |       |    24 |   172 |     1 ||   197
  Dodge: Dodged            |    67 |    36 |   103 |     1 ||   207
  Block: Buckler           |    38 |       |       |       ||    38
         Kite shield       |    19 |   116 |   330 |     8 ||   473
         Reflection        |     1 |     2 |     7 |       ||    10

Table legend: (Time is in decaauts)
 A = Elapsed time spent in this place.
 B = Non-inter-level travel time spent in this place.
 C = Inter-level travel time spent in this place.
 D = Time resting spent in this place.
 E = Time spent auto-exploring this place.
 F = Levels seen in this place.
 G = Mean time per level.
                   A        B        C        D        E       F      G
               +--------+--------+--------+--------+--------+-----+--------+
         Total |   5781 |   5632 |    149 |    306 |   3894 |   7 |  825.9 |
       Dungeon |   5781 |   5632 |    149 |    306 |   3894 |   7 |  825.9 |
               +--------+--------+--------+--------+--------+-----+--------+

Top non-repeatable levels by time:
     D:4: 1063 daAuts
     D:5: 965 daAuts
     D:6: 915 daAuts
     D:7: 876 daAuts
     D:2: 805 daAuts
     D:1: 709 daAuts
     D:3: 446 daAuts
